 Dungeon Crawl Stone Soup version 0.31-a0-851-g7ff8af7976 (webtiles) character file.

Game seed: 9164129926774969990

318 Dirtsage the Ruffian (level 6, -7/41 HPs)
             Began as an Octopode Shapeshifter on Oct 7, 2023.
             Was a Follower of Wu Jian.
             Killed from afar by a gnoll (16 damage)
             ... with a bolt of light
             ... on level 4 of the Dungeon.
             The game lasted 00:05:44 (3083 turns).

Dirtsage the Ruffian (Octopode Shapeshifter)        Turns: 3083, Time: 00:05:45

Health: -7/41      AC:  1    Str: 22    XL:     6   Next: 45%
Magic:  6/6        EV: 13    Int: 12    God:    Wu Jian [*.....]
Gold:   114        SH:  0    Dex: 11    Spells: 5/5 levels left

rFire   . .          .
                       - Unarmed
rCold   . . .        (no shield)
rNeg    . . .        (helmet currently unavailable)
rPois   .            (no amulet)
rElec   .            g - +6 ring of strength
rCorr   .            (no ring)
SInv    .            (no ring)
Will    .....        (no ring)
Stlth   ++           (no ring)
HPRegen 0.26/turn    (no ring)
MPRegen 0.10/turn    (no ring)
                     (no ring)

%: no passive effects
@: beast-form
A: beast (slay +2), almost no armour, amphibious, 8 rings, camouflage 1,
gelatinous body 1, (nimble swimmer 1), tentacles
a: Begin Untransformation, Renounce Religion


You were on level 4 of the Dungeon.
You worshipped Wu Jian.
Wu Jian was aware of your devotion.
You were a hulking beast.
You visited 2 branches of the dungeon, and saw 5 of its levels.

You collected 169 gold pieces.
You spent 55 gold pieces at shops.

Inventory:

Jewellery
 g - a +6 ring of strength (left tentacle)
Talismans
 b - a beast talisman (active)
 c - a flux talisman
Scrolls
 d - a scroll of amnesia {unknown}
 h - a scroll of revelation {unknown}
 i - a scroll of identify
 j - a scroll of poison {unknown}
 l - a scroll of enchant armour
 m - a scroll of vulnerability {unknown}
 o - a scroll of fear {unknown}
 p - a scroll of enchant weapon {unknown}
Potions
 a - a potion of lignification
 e - a potion of degeneration {unknown}
 f - 2 potions of attraction {unknown}
 k - 2 potions of heal wounds {unknown}
 n - 2 potions of enlightenment {unknown}
 q - 2 potions of curing
 r - a potion of berserk rage {unknown}
 s - a potion of mutation {unknown}


   Skills:
 + Level 2.8 Fighting
 - Level 2.0 Dodging
 * Level 4.9 Unarmed Combat
 * Level 4.7 Shapeshifting


You had 5 spell levels left.
You didn't know any spells.
Your spell library contained the following spells:

 Spells                   Type           Power      Damage    Failure   Level
 Magic Dart               Conj           0%         1d3       32%         1
 Call Imp                 Summ           0%         N/A       45%         2
 Mephitic Cloud           Conj/Pois/Air  0%         N/A       69%         3


Dungeon Overview and Level Annotations

Branches:
Dungeon (4/15)             Temple (1/1) D:4

Altars:
Ashenzari
Cheibriados
Dithmenos
Elyvilon
Fedhas
Gozag
Hepliaklqana
Kikubaaqudgha
Makhleb
Nemelex Xobeh
Okawaru
Qazlal
Ru
Sif Muna
Trog
Uskayaw
Vehumet
Wu Jian
Xom
Zin
The Shining One

Shops:
D:2 ?


Innate Abilities, Weirdness & Mutations

You are a hulking beast.
Your limbs bulge with bestial killing power. (Slay +2)
You cannot wear most types of armour.
You are amphibious.
You can wear up to eight rings at the same time.
Your skin changes colour to match your surroundings (Stealth+).
Your rubbery body absorbs attacks. (AC +1, EV +1)
((You are camouflaged when in or above water. (Stealth+)))
You have tentacles for arms and can constrict up to eight enemies at once.


Message History

You bludgeon the gnoll! You grab the gnoll. You squeeze the gnoll.
The gnoll is almost dead.
You constrict the gnoll.
You kill the gnoll!
The Council accepts your kill.
You see here a +0 spear.
Health restored: 41 The gnoll shouts!
There are monsters nearby!
The gnoll shouts!
You see here a +0 spear.
You see here a +0 spear.
You closely miss the gnoll. Your grab misses the gnoll. You squeeze the gnoll!
You kill the gnoll!
The Council accepts your kill. The gnoll misses you.
You see here a +0 flail.
You lunge at the gnoll.
The gnoll shouts!
You tentacle-slap the gnoll. You grab the gnoll. You squeeze the gnoll.
You kill the gnoll!
The Council accepts your kill.
The gnoll throws a throwing net.
The throwing net closely misses you.
You see here a throwing net.
You see here a +0 halberd.
You lunge at the gnoll.
You tentacle-slap the gnoll but do no damage.
Your grab misses the gnoll.
The gnoll zaps a wand.
The bolt of light hits you!!
You are confused.
Ouch! That really hurt!
You take 23 damage, and have 18/41 hp.
MASSIVE DAMAGE!!
You tentacle-slap the gnoll. You squeeze the gnoll.
The gnoll is moderately wounded.
The gnoll closely misses you.
The gnoll zaps a wand.
The bolt of light hits you!
* * * LOW HITPOINT WARNING * * *
You take 10 damage, and have 9/41 hp.
MASSIVE DAMAGE!!
You feel less confused.
The gnoll zaps a wand.
The bolt of light hits you!
You die...

##.).....#### #............
#............ #............
#........≈≈.≈ ##.........≈.†
###........≈....
##################..........≈≈..?
.............))(h..#..........._.
#†###############..g........≈≈.g.
..# #......##.......≈.... .##
#.########........≈.≈ .# ##.#
#.....g .# #..# ###.. .##
######.## ..#####......# .
#.......##################.


You could see a gnoll.

Vanquished Creatures
  An orc priest (D:3)
  A hound (D:4)
  Natasha (twice) (D:4)
  Robin (D:4)
  3 gnolls (D:4)
  8 adders
  5 worms
  A dart slug (D:1)
  4 orcs
  6 ball pythons
  5 endoplasms
  6 giant cockroaches
  7 hobgoblins
  3 quokkas
  5 bats
  3 frilled lizards
  10 goblins
  11 kobolds
  6 rats
88 creatures vanquished.

Notes
Turn   | Place    | Note
-------+----------+-------------------------------------------
     0 | D:1      | Dirtsage the Octopode Shapeshifter began the quest for the
                  | Orb.
     0 | D:1      | Reached XP level 1. HP: 13/13 MP: 1/1
   353 | D:1      | Reached XP level 2. HP: 15/18 MP: 2/2
   766 | D:2      | Reached XP level 3. HP: 20/23 MP: 3/3
   936 | D:2      | You fall into a shaft and drop 1 floor!
   972 | D:2      | Reached XP level 4. HP: 26/29 MP: 4/4
  1394 | D:2      | Found Xumoc's Magic Scroll Shop.
  1403 | D:2      | Bought a scroll of identify for 22 gold pieces
  1403 | D:2      | Bought a scroll of teleportation for 33 gold pieces
  1910 | D:3      | Reached XP level 5. HP: 32/34 MP: 5/5
  2144 | D:3      | Found an ornate altar of the Wu Jian Council.
  2152 | D:3      | Became a worshipper of the Wu Jian Council
  2471 | D:4      | Noticed Natasha
  2472 | D:4      | Found a staircase to the Ecumenical Temple.
  2476 | D:4      | Killed Natasha
  2483 | Temple   | Entered the Ecumenical Temple
  2527 | D:4      | Noticed Natasha
  2541 | D:4      | Found a radiant altar of Vehumet.
  2772 | D:4      | Noticed Robin
  2777 | D:4      | Killed Robin
  2780 | D:4      | Reached XP level 6. HP: 41/41 MP: 6/6
  2908 | D:4      | Reached * piety under Wu Jian
  2973 | D:4      | Killed Natasha
  3083 | D:4      | Killed from afar by a gnoll

Illustrated notes

Levels and vault maps discovered:
D:1:      co_arrival_square_in_a_square_in_a_square, layout_loops_cross,
          hex_large
D:2:      layout_loops_ring, serial_shops, nicolae_lakefront_shop,
          serial_bayou_lake_a
D:3:      layout_loops_ring, mainiacjoe_overflow_alcove_2
D:4:      layout_rooms, mainiacjoe_overflow_small_starburst,
          minmay_temple_entry_tees, minivault_14, uniq_robin, uniq_natasha
Temple:   compressed_dpeg_triangle_lava_temple

Skill      XL: |  1  2  3  4 |
---------------+-------------+-----
Unarmed Combat | 4 |  4.9
Fighting       | 2 |  2.8
Shapeshifting  | 4 |  4.7
Dodging        | |  2.0

Action                     |  1- 3 |  4- 6 || total
---------------------------+-------+-------++-------
  Melee: Unarmed           |    44 |   121 ||   165
         Tentacles         |     9 |    22 ||    31
         Constrict         |     9 |    32 ||    41
         Punch             |       |     2 ||     2
Ability: Lunge             |       |    11 ||    11
    Use: Scroll            |       |     4 ||     4
         Potion            |       |     1 ||     1
   Stab: Sleeping          |     8 |     8 ||    16
 Armour: Skin              |    17 |    41 ||    58
  Dodge: Dodged            |    27 |    58 ||    85

Table legend: (Time is in decaauts)
 A = Elapsed time spent in this place.
 B = Non-inter-level travel time spent in this place.
 C = Inter-level travel time spent in this place.
 D = Time resting spent in this place.
 E = Time spent auto-exploring this place.
 F = Levels seen in this place.
 G = Mean time per level.
                   A        B        C        D        E       F      G
               +--------+--------+--------+--------+--------+-----+--------+
         Total |   3069 |   2986 |     83 |     63 |   2354 |   5 |  613.8 |
       Dungeon |   3067 |   2984 |     83 |     63 |   2354 |   4 |  766.8 |
        Temple |      1 |      1 |      0 |      0 |      0 |   1 |    1.0 |
               +--------+--------+--------+--------+--------+-----+--------+

Top non-repeatable levels by time:
     D:3: 906 daAuts
     D:2: 855 daAuts
     D:1: 694 daAuts
     D:4: 610 daAuts
  Temple: 1 daAuts
